 Dungeon Crawl Stone Soup version 0.31-a0-187-gba352fbbf7 (webtiles) character file.

Game seed: 8745612246394779187

179 qw the Skirmisher (level 5, -2/29 HPs)
             Began as a Deep Elf Hunter on June 22, 2023.
             Slain by Grinder (6 damage)
             ... on level 3 of the Dungeon.
             The game lasted 00:00:58 (2016 turns).

qw the Skirmisher (Deep Elf Hunter)                 Turns: 2016, Time: 00:00:59

Health: -2/29      AC:  8    Str: 10    XL:     5   Next: 32%
Magic:  7/7        EV: 11    Int: 14    God:
Gold:   120        SH:  0    Dex: 18    Spells: 4/4 levels left

rFire   . . .        Y - +0 shortbow (freeze)
rCold   . . .        (shield currently unavailable)
rNeg    . . .        d - +0 ring mail
rPois   .            f - +2 helmet
rElec   .            (no cloak)
rCorr   .            (no gloves)
SInv    .            (no boots)
Will    .....        (no amulet)
Stlth   +            (no ring)
HPRegen 0.24/turn    (no ring)
MPRegen 0.10/turn

%: no passive effects
@: no status effects
A: no striking features
a: no special abilities


You were on level 3 of the Dungeon.
You visited 1 branch of the dungeon, and saw 3 of its levels.

You collected 120 gold pieces.


   Skills:
 - Level 1.5 Fighting
 + Level 8.8 Ranged Weapons
 - Level 2.4 Dodging
 - Level 1.2 Stealth


You had 4 spell levels left.
You didn't know any spells.
Your spell library was empty.

Inventory:

Hand Weapons
 Y - a +0 shortbow of freezing (weapon)
Armour
 d - a +0 ring mail (worn)
 f - a +2 helmet (worn)
Scrolls
 a - 4 scrolls of identify
Potions
 b - a potion of mutation {unknown}
 e - a potion of haste
 g - a potion of curing

Dungeon Overview and Level Annotations

Branches:
Dungeon (3/15)

Altars:

Annotations:
D:3 Grinder


Message History

You kill the ball python!
You shoot an arrow. The arrow hits Grinder.
Grinder is lightly wounded.
You shoot an arrow. The arrow barely misses Grinder.
Grinder says, "DUCK!"
You shoot an arrow. The arrow closely misses Grinder.
You shoot an arrow.
The arrow hits Grinder but does no damage.
Grinder is lightly wounded.
Grinder misses you.
You shoot an arrow. The arrow barely misses Grinder.
Grinder closely misses you. Grinder hits you.
You writhe in agony.
You shoot an arrow. The arrow closely misses Grinder.
Grinder hits you but does no damage.
You shoot an arrow. The arrow hits Grinder.
Grinder is lightly wounded.
Grinder gestures at you.
You suddenly lose the ability to move!
Grinder says, "Just stop there for a second..."
Grinder gestures at you. You resist with significant effort.
Grinder barely misses you.
Grinder says, "I used to sell toenails on the black market."
Grinder hits you!
You writhe in agony.
You can move again.
You shoot an arrow.
The arrow hits Grinder but does no damage.
Grinder is lightly wounded.
Grinder gestures at you. Pain shoots through your body!
You shoot an arrow. The arrow closely misses Grinder.
Grinder hits you but does no damage.
You shoot an arrow. The arrow hits Grinder!
Grinder is moderately wounded.
Grinder hits you.
You writhe in agony.
You shoot an arrow.
The arrow hits Grinder but does no damage.
Grinder is moderately wounded.
Grinder hits you.
You die...

#.......#
#.#######
#.# #.#
#.# #.#
##%######
#.......#
#.@####.#
#..5..#
#..#..#
#..#..#
#..# ...
#..# ##.#
#... ..?
#... ##


You could see Grinder.

Vanquished Creatures
  2 orc wizards (D:3)
  A gnoll (D:1)
  3 adders (D:2)
  3 worms
  A dart slug (D:1)
  6 orcs (D:3)
  4 ball pythons
  9 bats
  6 endoplasms
  3 giant cockroaches
  3 goblins
  9 hobgoblins
  4 jackals (D:1)
  2 quokkas
  4 frilled lizards
  8 kobolds
  6 rats
74 creatures vanquished.

Notes
Turn   | Place    | Note
-------+----------+-------------------------------------------
     0 | D:1      | qw the Deep Elf Hunter began the quest for the Orb.
     0 | D:1      | Reached XP level 1. HP: 12/12 MP: 3/3
     0 | D:1      | 0 ||| qw: Version: 0.3-a-9-g12657ce
     0 | D:1      | 0 ||| qw: Game counter: 2312
     0 | D:1      | 0 ||| qw: Always use a shield: true
     0 | D:1      | 0 ||| qw: God list: Okawaru
     0 | D:1      | 0 ||| qw: Allow faded altars: false
     0 | D:1      | 0 ||| qw: Do Orc after D:15 true
     0 | D:1      | 0 ||| qw: Do second Lair branch before Depths: true
     0 | D:1      | 0 ||| qw: Lair rune preference: random
     0 | D:1      | 0 ||| qw: Plans: Normal
     0 | D:1      | 0 ||| PLANNING D:1-11
    41 | D:1      | 41 ||| FLEEEEING.
   200 | D:1      | Reached XP level 2. HP: 13/16 MP: 4/4
   203 | D:1      | Reached skill level 6 in Ranged Weapons
   358 | D:1      | Reached XP level 3. HP: 20/20 MP: 5/5
   907 | D:1      | 907 ||| UPGRADING to +2 helmet.
   912 | D:1      | 912 ||| READING 3 scrolls labelled FEODDA KYAFOOR.
   913 | D:1      | 913 ||| READING scroll labelled LUALITWEO.
   914 | D:1      | 914 ||| READING scroll labelled ZYHUKK BOEHAOTS.
   950 | D:1      | 950 ||| READING 2 scrolls of identify.
   950 | D:1      | 950 ||| IDENTIFYING fuming golden potion
   951 | D:1      | 951 ||| DROPPING scroll of butterflies.
   968 | D:2      | Reached skill level 7 in Ranged Weapons
  1212 | D:2      | Reached XP level 4. HP: 25/25 MP: 6/6
  1665 | D:2      | Found a faded altar of an unknown god.
  1749 | D:2      | Reached skill level 8 in Ranged Weapons
  1780 | D:2      | 1780 ||| UPGRADING to +0 ring mail.
  1790 | D:2      | 1790 ||| DROPPING +0 leather armour.
  1791 | D:2      | 1791 ||| READING scroll labelled CIROEMAYPOGO.
  1792 | D:2      | 1792 ||| READING 5 scrolls of identify.
  1792 | D:2      | 1792 ||| IDENTIFYING green potion
  1815 | D:3      | 1815 ||| FLEEEEING.
  1816 | D:3      | 1816 ||| FLEEEEING.
  1820 | D:3      | 1820 ||| STAIRDANCE
  1831 | D:3      | 1831 ||| STAIRDANCE
  1935 | D:3      | Reached XP level 5. HP: 25/29 MP: 7/7
  1941 | D:3      | 1941 ||| DRINKING 2 potions of curing.
  1941 | D:3      | 1941 ||| (to cure confusion)
  2001 | D:3      | Noticed Grinder
  2009 | D:3      | Paralysed by Grinder for 4 turns
  2015 | D:3      | HP: 4/29 [Grinder (4)]
  2016 | D:3      | Slain by Grinder

Levels and vault maps discovered:
D:1:      zaba_arrival_water, layout_basic
D:2:      minmay_chambers_of_twos, layout_basic,
          hellmonk_ecumenical_altar_blasted, nicolae_figureground_sparkle
D:3:      layout_basic, corexii_item_surrounded_by_moat, uniq_terence,
          uniq_grinder

Skill      XL: |  1  2  3  4 |
---------------+-------------+-----
Ranged Weapons | 6 7 8 |  8.8
Fighting       | |  1.5
Dodging        | |  2.4
Stealth        | |  1.2

Action                     |  1- 3 |  4- 6 || total
---------------------------+-------+-------++-------
   Fire: Shortbow          |   116 |   132 ||   248
    Use: Scroll            |     4 |     2 ||     6
         Potion            |       |     1 ||     1
 Armour: Leather armour    |     9 |    11 ||    20
         Ring mail         |       |    11 ||    11
  Dodge: Dodged            |    27 |    19 ||    46

Table legend:
 A = Non-vault XP
 B = Vault XP
 C = Vault XP percentage of total XP
 D = Non-vault monster count
 E = Vault monster count
 F = Vault count percentage of total count
                 A         B        C        D         E       F
            +---------+---------+-------+---------+---------+-------
      Total |     243 |      13 |   5.1 |      66 |       8 |  10.8
            +---------+---------+-------+---------+---------+-------
        D:1 |      62 |       0 |   0.0 |      28 |       0 |   0.0
        D:2 |      78 |      13 |  14.3 |      24 |       8 |  25.0
        D:3 |     103 |       0 |   0.0 |      14 |       0 |   0.0
            +---------+---------+-------+---------+---------+-------
